 Dungeon Crawl Stone Soup version 0.31-a0-259-g771a54c (webtiles) character file.

Game seed: 7054540402521139839

4466 Dawnplanks the Zephyrmancer (level 10, 0/50 HPs)
             Began as a Tengu Air Elementalist on July 13, 2023.
             Was a Follower of Vehumet.
             Killed by the air
             ... invoked by Gastronok
              (19 damage)
             ... on level 9 of the Dungeon.
             The game lasted 00:20:48 (9435 turns).

Dawnplanks the Zephyrmancer (TeAE)                  Turns: 9435, Time: 00:20:48

Health: 0/50       AC:  3    Str:  9    XL:     10   Next: 37%
Magic:  13/24      EV: 21    Int: 20    God:    Vehumet [*.....]
Gold:   404        SH:  0    Dex: 14    Spells: 17/27 levels left

rFire   + . .        A - +4 dagger
rCold   + . .        (no shield)
rNeg    . . .        N - +0 robe {Will+}
rPois   .            K - +0 hat
rElec   .            E - scarf {rC+ rF+}
rCorr   .            q - +0 pair of gloves
SInv    .            (boots unavailable)
Will    ++...        (no amulet)
Stlth   ++           D - +5 ring of evasion
HPRegen 0.28/turn    p - ring of willpower
MPRegen 0.19/turn

%: no passive effects
@: flying quickly and evasively, quick
A: beak, talons 3, nimble flight
a: Renounce Religion


You were on level 9 of the Dungeon.
You worshipped Vehumet.
Vehumet was aware of your devotion.
You visited 2 branches of the dungeon, and saw 10 of its levels.

You collected 462 gold pieces.
You spent 58 gold pieces at shops.

Inventory:

Hand Weapons
 A - a +4 dagger (weapon)
Missiles
 C - 7 throwing nets
Armour
 q - a +0 pair of gloves (worn)
 E - a scarf of resistance (worn)
 K - a +0 hat (worn)
 N - a +0 robe of willpower (worn)
Jewellery
 p - a ring of willpower (right hand)
 w - a ring of protection from fire
 y - a ring of see invisible
 D - a +5 ring of evasion (left hand)
 L - an amulet of guardian spirit
Wands
 o - a wand of iceblast (7)
 s - a wand of flame (16)
 v - a wand of polymorph (13)
 J - a wand of charming (8)
Scrolls
 b - a scroll of immolation {unknown}
 c - a scroll of teleportation {unknown}
 e - 3 scrolls of enchant weapon {unknown}
 f - a scroll of summoning {unknown}
 i - 2 scrolls of revelation {unknown}
 n - 3 scrolls of amnesia {unknown}
 r - a scroll of fear {unknown}
 x - a scroll of vulnerability
 F - a scroll of blinking {unknown}
 G - a scroll of acquirement {unknown}
 H - 2 scrolls of enchant armour {unknown}
 I - a scroll of fog {unknown}
Potions
 d - a potion of invisibility
 g - 6 potions of brilliance {unknown}
 h - a potion of mutation
 j - a potion of cancellation
 k - 4 potions of haste
 l - 3 potions of attraction
 m - a potion of enlightenment
 u - a potion of lignification
 z - 3 potions of might
 B - a potion of ambrosia
 M - a potion of heal wounds {unknown}


   Skills:
 + Level 0.3 Fighting
 + Level 4.2 Dodging
 - Level 2.0 Stealth
 + Level 9.0 Spellcasting
 + Level 7.2 Conjurations
 + Level 12.8 Air Magic


You had 17 spell levels left.
You knew the following spells:

 Your Spells              Type           Power      Damage    Failure   Level
a - Shock                 Conj/Air       100%       1d9       1%          1
b - Static Discharge      Conj/Air       98%        2-7/arc   1%          2
c - Swiftness             Air            57%        N/A       1%          3
d - Airstrike             Air            28%        2d(5-21)  1%          4

Your spell library contained the following spells:

 Spells                   Type           Power      Damage    Failure   Level
 Magic Dart               Conj           100%       1d8       1%          1
 Cigotuvi's Dreadful Rot  Necr/Pois/Air  52%        N/A       1%          2
 Momentum Strike          Conj/Tloc      46%        3d9       2%          2
 Sting                    Tmut/Pois      36%        1d4       8%          1
 Blink                    Tloc           18%        N/A       12%         2
 Lesser Beckoning         Tloc           18%        N/A       12%         2
 Frozen Ramparts          Ice            18%        1d3       22%         3
 Ignite Poison            Fire/Tmut/Pois 9%         N/A       22%         3
 Irradiate                Conj/Tmut      11%        3d15      43%         5
 Petrify                  Tmut/Erth      9%         N/A       58%         4
 Metabolic Englaciation   Hex/Ice        4%         N/A       91%         5


Dungeon Overview and Level Annotations

Branches:
Dungeon (9/15)             Temple (1/1) D:7
   Lair: D:8-11         Orc: D:9-12

Altars:
Ashenzari
Cheibriados
Dithmenos
Elyvilon
Fedhas
Gozag
Hepliaklqana
Kikubaaqudgha
Makhleb
Nemelex Xobeh
Okawaru
Qazlal
Ru
Sif Muna
Trog
Uskayaw
Vehumet
Wu Jian
Xom
Yredelemnul
Zin
The Shining One

Shops:
D:1 (   D:3 [   D:5 =   D:7 *

Annotations:
D:8 2 transporters, Kave's ghost, novice TrSh
D:9 Gastronok


Innate Abilities, Weirdness & Mutations

You have a beak for a mouth.
You have claws for feet.
Your magical nature lets you fly swiftly and evasively.


Message History

Vehumet accepts your kill.
Your Spellcasting skill increases to level 9!
Found a pair of gloves.
There is an open door, spattered with blood here.
There is an open door here.
There is an open door here.
You reach down and open the door.
As you open the door, it creaks loudly!
There is an open door here.
You reach down and open the door.
Gastronok the Ponderous comes into view.
He is wearing a +1 hat of stealth.
Found a stone staircase leading up.
Casting: Airstrike (safe; 1% risk of failure)
Confirm with . or Enter, or press ? or * to list all spells.
Aiming: Airstrike (safe; 1% risk of failure)
Press: ? - help, Dir - move target, f - Gastronok
Aim: Gastronok, wearing a +1 hat of stealth (empty space bonus: 5/8)
The air twists around and strikes Gastronok!
Gastronok is lightly wounded.
Gastronok wobbles crazily.
Casting: Airstrike (safe; 1% risk of failure)
Confirm with . or Enter, or press ? or * to list all spells.
Aiming: Airstrike (safe; 1% risk of failure)
Press: ? - help, Dir - move target, f/p - Gastronok
Aim: Gastronok, wearing a +1 hat of stealth (lightly wounded, empty space bonus: 5/8)
The air twists around and strikes Gastronok!
Gastronok is lightly wounded.
Casting: Airstrike (safe; 1% risk of failure)
Confirm with . or Enter, or press ? or * to list all spells.
Aiming: Airstrike (safe; 1% risk of failure)
Press: ? - help, Dir - move target, f/p - Gastronok
Aim: Gastronok, wearing a +1 hat of stealth (lightly wounded, empty space bonus: 5/8)
The air twists around and strikes Gastronok!!
Gastronok is moderately wounded.
Gastronok waves his eye-stalks in wide circles.
The air twists around and strikes you!!
Ouch! That really hurt!
Gastronok waves his eye-stalks in wide circles.
The air twists around and strikes you!!
You die...

#....#<..#
#....'...# ###+#
#...w#...# #....
#....# ..# #....
#....# .# #....
#....# # #....
#....# #....
#....##### #....
#@...#...# #....
#....#...#####....
#....'...#........
#....#####........
#............)....
#.............####
#.........#####...
#.........#...#...
#.........#...#...


You could see Gastronok.

Vanquished Creatures
  Erolcha (D:9)
  Joseph (D:7)
  3 water moccasins
  An ice beast (D:7)
  A sky beast (D:6)
  A centaur (D:9)
  2 phantoms (D:5)
  A kobold brigand (D:8)
  3 bullfrogs
  2 gnoll sergeants
  3 scorpions
  13 wights
  9 killer bees
  6 howler monkeys
  An orc priest (D:6)
  5 hounds
  3 jellies
  A gnoll bouda (D:6)
  A sleepcap (D:7)
  5 iguanas
  4 orc wizards
  20 gnolls
  8 adders
  2 shadow imps
  A white imp (D:7)
  An ufetubus (D:7)
  2 worms (D:2)
  5 dart slugs
  10 orcs
  5 endoplasms
  2 giant cockroaches
  4 goblins
  4 hobgoblins
  2 jackals (D:1)
  11 kobolds
  5 quokkas
  10 ball pythons
  5 bats
  5 frilled lizards
  5 rats
174 creatures vanquished.

Notes
Turn   | Place    | Note
-------+----------+-------------------------------------------
     0 | D:1      | Dawnplanks the Tengu Air Elementalist began the quest for
                  | the Orb.
     0 | D:1      | Reached XP level 1. HP: 10/10 MP: 4/4
   139 | D:1      | Reached XP level 2. HP: 15/15 MP: 1/6
   347 | D:1      | Learned a level 2 spell: Static Discharge
   535 | D:1      | Reached XP level 3. HP: 18/19 MP: 5/7
   560 | D:1      | Found Inewis's Weapon Boutique.
  1113 | D:1      | Learned a level 3 spell: Swiftness
  1251 | D:2      | Reached skill level 5 in Air Magic
  1540 | D:2      | Reached XP level 4. HP: 11/24 MP: 1/8
  2243 | D:3      | Noticed a scorpion
  2253 | D:3      | Killed a scorpion
  2254 | D:3      | Gained mutation: Your magical nature lets you fly swiftly
                  | and evasively. [Tengu growth]
  2254 | D:3      | Reached XP level 5. HP: 18/28 MP: 4/10
  2341 | D:3      | Found Mimedu's Armour Shoppe.
  2392 | D:3      | Bought a +0 pair of gloves for 58 gold pieces
  2980 | D:3      | Found a faded altar of an unknown god.
  2988 | D:3      | Got Plato's Octavo of Evolution
  3161 | D:4      | Found a snail-covered altar of Cheibriados.
  3208 | D:4      | Reached XP level 6. HP: 32/32 MP: 7/12
  3284 | D:4      | Found a shimmering blue altar of Sif Muna.
  3449 | D:4      | Learned a level 4 spell: Airstrike
  3560 | D:4      | Got Alistair's Omnibus of Reformed Poisoning
  3633 | D:4      | Reached skill level 6 in Air Magic
  3828 | D:5      | Entered Level 5 of the Dungeon
  3880 | D:5      | Noticed a water moccasin
  3883 | D:5      | Killed a water moccasin
  4020 | D:5      | Reached XP level 7. HP: 36/36 MP: 2/14
  4117 | D:5      | Reached skill level 7 in Air Magic
  4440 | D:5      | Found Inajaiwn's Jewellery Emporium.
  4528 | D:5      | Found a glowing silver altar of Zin.
  4800 | D:6      | Reached skill level 5 in Spellcasting
  4992 | D:6      | Reached XP level 8. HP: 41/41 MP: 6/16
  5070 | D:6      | Reached skill level 8 in Air Magic
  5561 | D:6      | Reached skill level 5 in Conjurations
  5756 | D:6      | Reached skill level 9 in Air Magic
  6098 | D:7      | Reached skill level 10 in Air Magic
  6098 | D:7      | Reached XP level 9. HP: 45/45 MP: 7/19
  6384 | D:7      | Found a staircase to the Ecumenical Temple.
  6393 | Temple   | Entered the Ecumenical Temple
  6413 | Temple   | Became a worshipper of Vehumet
  6852 | D:7      | Noticed Joseph
  6896 | D:7      | Killed Joseph
  6897 | D:7      | Reached skill level 11 in Air Magic
  7110 | D:7      | Found Usoymas's General Store.
  7524 | D:8      | Noticed a moth of wrath
  7865 | D:8      | Found a transporter.
  7875 | D:8      | Noticed Kave's ghost (novice TrSh)
  8102 | D:8      | Found a stormy altar of Qazlal.
  8106 | D:8      | Reached * piety under Vehumet
  8106 | D:8      | Offered knowledge of Magic Dart by Vehumet.
  8303 | D:8      | Found a transporter.
  8468 | D:9      | Reached XP level 10. HP: 50/50 MP: 18/23
  8510 | D:9      | Reached skill level 12 in Air Magic
  8891 | D:9      | Noticed Erolcha
  8896 | D:9      | Killed Erolcha
  9410 | D:9      | Noticed Gastronok
  9435 | D:9      | Killed from afar by Gastronok

Illustrated notes

Levels and vault maps discovered:
D:1:      heliophobic_arrival_ceremonial_halls, layout_loops_ring, serial_shops,
          shop
D:2:      layout_basic, minmay_pentomino_o4
D:3:      layout_rooms, serial_shops, nicolae_shop_trees,
          shapermc_ecumenical_altar_rom_forum, hex_intersection,
          grunt_decor_mini_mirrors
D:4:      layout_cave_pools, mainiacjoe_overflow_24_doors, kennysheep_little_box
D:5:      layout_basic, zin_scriptorium, serial_shops, shop
D:6:      layout_gridville, grunt_ministairs_6, corexii_corridor_pit,
          dk_vineyard_3
D:7:      layout_loops_ring, minmay_temple_entry_gardened_gates, serial_shops,
          shop_fountains, dreamdust_gnoll_farm, uniq_joseph
D:8:      layout_cave_pools, kennysheep_mini_moat,
          gammafunk_ghost_berserking_beasts, hangedman_abyss_or_decor_passed,
          dk_rats_in_the_wall
D:9:      layout_gridville, uniq_gastronok, uniq_erolcha, uniq_grum
Temple:   compressed_dpeg_circular_temple

Skill      XL: |  1  2  3  4  5  6  7  8  9 10 |
---------------+-------------------------------+-----
Air Magic      | 5 6 7 10 11 12 | 12.8
Conjurations   | 2 3 4 5 7 |  7.2
Spellcasting   | 3 4 5 6 8 9 |  9.0
Dodging        | 3 4 |  4.2
Fighting       | |  0.3
Stealth        | |  2.0

Action                     |  1- 3 |  4- 6 |  7- 9 | 10-12 || total
---------------------------+-------+-------+-------+-------++-------
  Melee: Unarmed           |    17 |       |       |       ||    17
         Peck              |     4 |     5 |     3 |       ||    12
         Kick              |     5 |     4 |     5 |       ||    14
         Dagger            |    12 |     4 |    19 |       ||    35
         Whip              |       |    20 |       |       ||    20
         Punch             |       |     1 |       |       ||     1
   Cast: Shock             |    69 |    97 |   115 |     4 ||   285
         Airstrike         |       |     5 |    57 |    27 ||    89
         Static Discharge  |       |       |    16 |       ||    16
  Evoke: Wand              |       |       |       |     4 ||     4
    Use: Scroll            |       |     5 |     6 |       ||    11
         Potion            |       |       |     1 |       ||     1
   Stab: Sleeping          |     1 |     1 |     1 |       ||     3
 Armour: Robe              |    10 |     4 |     3 |       ||    17
  Dodge: Dodged            |    39 |    16 |    60 |     2 ||   117

Table legend: (Time is in decaauts)
 A = Elapsed time spent in this place.
 B = Non-inter-level travel time spent in this place.
 C = Inter-level travel time spent in this place.
 D = Time resting spent in this place.
 E = Time spent auto-exploring this place.
 F = Levels seen in this place.
 G = Mean time per level.
                   A        B        C        D        E       F      G
               +--------+--------+--------+--------+--------+-----+--------+
         Total |   9085 |   8826 |    259 |    416 |   7326 |  10 |  908.5 |
       Dungeon |   8963 |   8740 |    223 |    416 |   7256 |   9 |  995.9 |
        Temple |    121 |     85 |     36 |      0 |     70 |   1 |  121.0 |
               +--------+--------+--------+--------+--------+-----+--------+

Top non-repeatable levels by time:
     D:7: 1345 daAuts
     D:1: 1151 daAuts
     D:2: 1046 daAuts
     D:9: 1033 daAuts
     D:6: 1016 daAuts
     D:5: 1010 daAuts
     D:8: 822 daAuts
     D:3: 801 daAuts
     D:4: 736 daAuts
  Temple: 121 daAuts
